 Dungeon Crawl Stone Soup version 0.19.0-2-gae57169 (webtiles) character file.

20 Patchouli the Caller (level 2, -7/15 HPs)
             Began as a Tengu Summoner on Nov 4, 2016.
             Was a Follower of Zin.
             Mangled by an orc
             ... wielding a +0 short sword
              (8 damage)
             ... on level 4 of the Dungeon.
             The game lasted 00:02:20 (254 turns).

Patchouli the Caller (Tengu Summoner)                Turns: 254, Time: 00:02:21

Health: -7/15      AC:  2    Str:  8    XL:     2   Next: 79%
Magic:  2/6        EV: 13    Int: 15    God:    Zin [*.....]
Gold:   43         SH:  0    Dex: 14    Spells: 1 memorised, 4 levels left

rFire  . . .     SeeInvis .     (no weapon)
rCold  . . .     Gourm    .     a - +0 robe
rNeg   . . .     Faith    .     (no shield)
rPois  .         Spirit   .     (helmet restricted)
rElec  .         Reflect  .     (no cloak)
rCorr  .         Harm     .     (no gloves)
MR     .....                    (boots unavailable)
Stlth  ++........               (no amulet)
                                (no ring)
                                (no ring)

@: no status effects
A: beak, talons 3
a: Recite, Donate Gold, Renounce Religion


You were on level 4 of the Dungeon.
You worshipped Zin.
Zin was aware of your devotion.
You were not hungry.

You visited 1 branch of the dungeon, and saw 4 of its levels.

You collected 50 gold pieces.
You donated 7 gold pieces to Zin.

Inventory:

Armour
 a - a +0 robe (worn)
Books
 b - a book of Callings

   Spells                             Type                      Level
   a - Summon Small Mammal            Summoning                    1
   b - Call Imp                       Summoning                    2
   c - Call Canine Familiar           Summoning                    3
   d - Summon Guardian Golem          Hexes/Summoning              3
   e - Summon Lightning Spire         Summoning/Air                4
   f - Summon Ice Beast               Ice/Summoning                4
Comestibles
 c - a bread ration


   Skills:
 + Level 0.4 Armour
 + Level 2.5 Dodging
 - Level 2.0 Stealth
 * Level 2.4 Spellcasting
 * Level 5.0 Summonings


You had 4 spell levels left.
You knew the following spells:

 Your Spells              Type           Power        Failure   Level  Hunger
a - Summon Small Mammal   Summ           ###.         2%          1    #......


Dungeon Overview and Level Annotations

Branches:
Dungeon (4/15)
 Temple: D:4-7

Altars:
Elyvilon
Trog
Zin

Annotations:
D:4 Patchouli's ghost, weakling OgSk


Innate Abilities, Weirdness & Mutations

You have a beak for a mouth.
You have claws for feet.


Message History

Your quokka barely misses Patchouli's ghost.
Patchouli's ghost barely misses you.
The orc hits your quokka with a short sword.
You swap places.
Your quokka barely misses Patchouli's ghost.
The orc hits your quokka with a short sword.
Patchouli's ghost hits you!
Ouch! That really hurt!
The orc barely misses you.
Your quokka bites Patchouli's ghost.
You swap places.
Your quokka bites the orc.
The orc hits you with a short sword.
* * * LOW HITPOINT WARNING * * *
Patchouli's ghost barely misses you.
Your quokka bites Patchouli's ghost.
The orc hits your quokka with a short sword.
Your quokka bites the orc.
The orc dies!
The orc barely misses you.
Your quokka bites Patchouli's ghost.
The orc hits you with a short sword!
Ouch! That really hurt!
You die...

#.....#
##...##
#...#
##..#
#.##
#.# #.#
#.#
#@##
#o.#
###
##rW#
##..
###.r.#
###..#
#.....#
#_..##
#######
###..#
##..
###


You could see Patchouli's ghost, an orc and 2 friendly quokkas.

Vanquished Creatures (collateral kills)
  A centaur skeleton (D:4)
  2 orcs (D:4)
  A giant cockroach (D:1)
  A hobgoblin (D:2)
  A frilled lizard (D:2)
  A rat (D:1)
7 creatures vanquished.

Notes
Turn   | Place    | Note
-------+----------+-------------------------------------------
     0 | D:1      | Patchouli the Tengu Summoner began the quest for the Orb.
     0 | D:1      | Reached XP level 1. HP: 10/10 MP: 4/4
   102 | D:2      | Found a glowing silver altar of Zin.
   106 | D:2      | Became a worshipper of Zin the Law-Giver
   114 | D:2      | Donated 2 gold pieces to Zin
   148 | D:4      | Reached skill level 5 in Summonings
   148 | D:4      | Reached XP level 2. HP: 15/15 MP: 0/6
   155 | D:4      | Found a white marble altar of Elyvilon.
   182 | D:4      | Found a bloodstained altar of Trog.
   182 | D:4      | Found a faded altar of an unknown god.
   188 | D:4      | Found a faded altar of an unknown god.
   190 | D:4      | Found a faded altar of an unknown god.
   191 | D:4      | Found a faded altar of an unknown god.
   221 | D:4      | Reached * piety under Zin
   230 | D:4      | Noticed Patchouli's ghost (weakling OgSk)
   254 | D:4      | Mangled by an orc

Skill      XL: |  1 |
---------------+----+-----
Summonings     | 5 |  5.0
Armour         | |  0.4
Dodging        | |  2.5
Stealth        | |  2.0
Spellcasting   | |  2.4

Action                   || total
-------------------------++-------
 Cast: Summon Small Mamm ||    16
Invok: Donate Gold       ||     1
Dodge: Dodged            ||     4
